[ AOE2 MATCH · #505781710 ]
UnrankedJapanese vs Chinese
Player's team · WIN
Rival team · LOSS
[ REPLAY ANALYSIS · EXTRACTED FROM THE RECORDED GAME ]
Feudal
8:51
Castle
25:19
Imperial
38:09
| APM avg | 52.8 |
| APM peak | 91 |
| eAPM avg | 25.5 |
| Villagers / military | 212 / 191 |
Focus
⚔️ 35.8% · 🌾 64.2%
Samurai ×50 · Cavalry Archer ×30 · Scout Cavalry ×27 · Knight ×21 · Trebuchet (Packed) ×20 · Scorpion ×12
Feudal
8:57
Castle
25:21
Imperial
38:20
| APM avg | 63.8 |
| APM peak | 101 |
| eAPM avg | 38.6 |
| Villagers / military | 174 / 251 |
Focus
⚔️ 37.7% · 🌾 62.3%
Scout Cavalry ×98 · Archer ×72 · Skirmisher ×24 · Fire Lancer ×22 · Chu Ko Nu ×18 · Battering Ram ×9
Match map
Initial resources + every placement click. Lines = walls · curves = elevation contours. ◆ gold · ⬟ stone · ● berries · ✦ relic · ◌ wall gap
Your base· Open — unwalled flank
NuMa | Toth's base· Open — 5t gap
Smoothed initial terrain · ◌ = detected wall gap · hover for details
Inputs per minute
— 新竹 - - NuMa | Toth
Build order — 新竹
First 150 of 583 actions detected
| 0:00 | Create | Villager (Male) |
| 0:01 | Create | Villager (Male) |
| 0:01 | Create | Villager (Male) |
| 0:02 | Build | House |
| 0:04 | Build | House |
| 0:18 | Create | Villager (Male) |
| 0:18 | Create | Villager (Male) |
| 1:26 | Create | Villager (Male) |
| 1:27 | Create | Villager (Male) |
| 2:00 | Create | Villager (Male) |
| 2:01 | Create | Villager (Male) |
| 2:01 | Create | Villager (Male) |
| 2:18 | Create | Villager (Male) |
| 2:18 | Create | Villager (Male) |
| 2:40 | Build | Lumber Camp |
| 2:53 | Create | Villager (Male) |
| 2:53 | Create | Villager (Male) |
| 2:53 | Create | Villager (Male) |
| 2:54 | Create | Villager (Male) |
| 2:59 | Build | House |
| 3:17 | Create | Villager (Male) |
| 3:17 | Create | Villager (Male) |
| 3:17 | Create | Villager (Male) |
| 3:44 | Create | Villager (Male) |
| 3:44 | Create | Villager (Male) |
| 3:44 | Create | Villager (Male) |
| 3:45 | Create | Villager (Male) |
| 4:29 | Create | Villager (Male) |
| 4:29 | Create | Villager (Male) |
| 4:29 | Create | Villager (Male) |
| 4:42 | Create | Villager (Male) |
| 4:42 | Create | Villager (Male) |
| 4:43 | Create | Villager (Male) |
| 5:15 | Build | Barracks |
| 5:18 | Create | Villager (Male) |
| 5:18 | Create | Villager (Male) |
| 5:19 | Create | Villager (Male) |
| 5:36 | Research | Loom |
| 5:37 | Research | Loom |
| 6:21 | Build | House |
| 6:36 | Build | Mining Camp |
| 6:41 | Research | Feudal Age |
| 6:42 | Research | Feudal Age |
| 6:48 | Create | Militia |
| 6:48 | Create | Militia |
| 6:54 | Build | House |
| 7:06 | Create | Militia |
| 7:06 | Create | Militia |
| 7:29 | Create | Militia |
| 7:29 | Create | Militia |
| 7:30 | Create | Militia |
| 8:15 | Create | Militia |
| 8:18 | Build | Mill |
| 8:51 | Age | Feudal Age |
| 8:54 | Research | Man-at-Arms (upgrade) |
| 8:54 | Research | Man-at-Arms (upgrade) |
| 8:54 | Research | Man-at-Arms (upgrade) |
| 8:55 | Create | Villager (Male) |
| 9:12 | Build | Palisade Wall |
| 9:13 | Build | Palisade Wall |
| 9:18 | Create | Villager (Male) |
| 9:18 | Create | Villager (Male) |
| 9:24 | Create | Villager (Male) |
| 9:24 | Create | Villager (Male) |
| 9:24 | Create | Villager (Male) |
| 9:24 | Create | Villager (Male) |
| 9:27 | Build | Mining Camp |
| 9:42 | Build | Watch Tower |
| 9:50 | Create | Villager (Male) |
| 9:50 | Create | Villager (Male) |
| 9:51 | Create | Villager (Male) |
| 9:51 | Create | Villager (Male) |
| 10:07 | Create | Villager (Male) |
| 10:07 | Create | Villager (Male) |
| 10:08 | Create | Villager (Male) |
| 10:12 | Build | House |
| 10:24 | Build | Palisade Wall |
| 10:24 | Build | Palisade Wall |
| 10:25 | Build | Palisade Wall |
| 10:27 | Build | Palisade Wall |
| 10:34 | Create | Villager (Male) |
| 10:34 | Create | Villager (Male) |
| 10:34 | Create | Villager (Male) |
| 10:34 | Create | Villager (Male) |
| 10:45 | Build | House |
| 10:46 | Build | House |
| 11:10 | Build | Watch Tower |
| 11:16 | Create | Villager (Male) |
| 11:16 | Create | Villager (Male) |
| 11:16 | Create | Villager (Male) |
| 11:16 | Create | Villager (Male) |
| 11:58 | Create | Villager (Male) |
| 11:58 | Create | Villager (Male) |
| 11:59 | Create | Villager (Male) |
| 12:18 | Create | Villager (Male) |
| 12:18 | Create | Villager (Male) |
| 12:18 | Create | Villager (Male) |
| 12:22 | Research | Double-Bit Axe |
| 12:23 | Research | Double-Bit Axe |
| 12:23 | Research | Double-Bit Axe |
| 12:38 | Build | Farm |
| 12:39 | Build | Farm |
| 12:40 | Create | Villager (Male) |
| 12:40 | Create | Villager (Male) |
| 12:40 | Create | Villager (Male) |
| 12:40 | Create | Villager (Male) |
| 13:01 | Build | Watch Tower |
| 13:31 | Create | Villager (Male) |
| 13:31 | Create | Villager (Male) |
| 13:31 | Create | Villager (Male) |
| 13:31 | Create | Villager (Male) |
| 13:34 | Build | Farm |
| 13:35 | Build | Farm |
| 14:22 | Create | Villager (Male) |
| 14:23 | Create | Villager (Male) |
| 14:28 | Build | Blacksmith |
| 14:41 | Build | Farm |
| 15:01 | Build | Farm |
| 15:02 | Build | Farm |
| 15:22 | Create | Villager (Male) |
| 15:26 | Build | Watch Tower |
| 15:48 | Create | Villager (Male) |
| 15:48 | Create | Villager (Male) |
| 15:49 | Create | Villager (Male) |
| 15:49 | Create | Villager (Male) |
| 15:49 | Create | Villager (Male) |
| 15:50 | Build | Farm |
| 15:58 | Research | Fletching |
| 15:59 | Research | Fletching |
| 16:08 | Create | Villager (Male) |
| 16:08 | Create | Villager (Male) |
| 16:08 | Create | Villager (Male) |
| 16:09 | Create | Villager (Male) |
| 16:10 | Build | Farm |
| 16:33 | Create | Villager (Male) |
| 16:34 | Create | Villager (Male) |
| 16:34 | Create | Villager (Male) |
| 16:34 | Create | Villager (Male) |
| 16:43 | Build | Watch Tower |
| 16:50 | Build | Watch Tower |
| 16:52 | Create | Villager (Male) |
| 16:53 | Create | Villager (Male) |
| 16:53 | Create | Villager (Male) |
| 16:58 | Create | Villager (Male) |
| 16:58 | Create | Villager (Male) |
| 16:58 | Create | Villager (Male) |
| 17:40 | Build | Palisade Wall |
| 17:41 | Build | Palisade Wall |
| 17:52 | Build | House |
| 17:56 | Create | Villager (Male) |
Build order — NuMa | Toth
First 150 of 716 actions detected
| 0:01 | Research | Loom |
| 0:01 | Research | Loom |
| 0:44 | Create | Villager (Male) |
| 0:45 | Create | Villager (Male) |
| 1:17 | Create | Villager (Male) |
| 1:18 | Create | Villager (Male) |
| 1:37 | Create | Villager (Male) |
| 1:53 | Build | Lumber Camp |
| 2:06 | Create | Villager (Male) |
| 2:06 | Create | Villager (Male) |
| 2:23 | Create | Villager (Male) |
| 2:45 | Create | Villager (Male) |
| 3:09 | Create | Villager (Male) |
| 3:20 | Build | House |
| 3:36 | Create | Villager (Male) |
| 3:36 | Create | Villager (Male) |
| 3:36 | Create | Villager (Male) |
| 4:16 | Create | Villager (Male) |
| 4:16 | Create | Villager (Male) |
| 4:16 | Create | Villager (Male) |
| 4:53 | Build | House |
| 5:06 | Build | Mill |
| 5:20 | Create | Villager (Male) |
| 5:50 | Create | Villager (Male) |
| 6:21 | Create | Villager (Male) |
| 6:47 | Research | Feudal Age |
| 6:47 | Research | Feudal Age |
| 6:52 | Build | Lumber Camp |
| 7:04 | Build | Lumber Camp |
| 7:32 | Build | Mining Camp |
| 8:16 | Build | Barracks |
| 8:40 | Create | Villager (Male) |
| 8:57 | Age | Feudal Age |
| 9:01 | Create | Villager (Male) |
| 9:14 | Build | Archery Range |
| 9:17 | Build | House |
| 9:19 | Create | Villager (Male) |
| 9:41 | Research | Double-Bit Axe |
| 9:41 | Research | Double-Bit Axe |
| 9:41 | Create | Villager (Male) |
| 9:50 | Build | Palisade Wall |
| 9:55 | Build | House |
| 9:56 | Build | House |
| 9:59 | Create | Archer |
| 10:01 | Create | Villager (Male) |
| 10:01 | Create | Villager (Male) |
| 10:08 | Build | Palisade Wall |
| 10:09 | Create | Villager (Male) |
| 10:09 | Create | Villager (Male) |
| 10:16 | Create | Villager (Male) |
| 10:24 | Build | Farm |
| 10:32 | Create | Archer |
| 10:36 | Create | Villager (Male) |
| 10:51 | Build | Farm |
| 10:58 | Build | Palisade Wall |
| 10:59 | Build | Palisade Wall |
| 11:14 | Create | Villager (Male) |
| 11:17 | Build | Farm |
| 11:26 | Build | Watch Tower |
| 11:47 | Build | Palisade Wall |
| 11:55 | Create | Villager (Male) |
| 11:55 | Create | Villager (Male) |
| 12:01 | Build | Palisade Wall |
| 12:02 | Build | Palisade Wall |
| 12:03 | Build | Palisade Wall |
| 12:15 | Create | Villager (Male) |
| 12:19 | Create | Villager (Male) |
| 12:29 | Create | Villager (Male) |
| 12:33 | Build | Mining Camp |
| 12:49 | Build | Farm |
| 12:49 | Create | Villager (Male) |
| 12:49 | Create | Villager (Male) |
| 13:12 | Create | Villager (Male) |
| 13:12 | Create | Villager (Male) |
| 13:26 | Create | Villager (Male) |
| 13:28 | Build | Mining Camp |
| 13:41 | Research | Horse Collar |
| 13:41 | Research | Horse Collar |
| 13:42 | Create | Villager (Male) |
| 13:42 | Create | Villager (Male) |
| 13:42 | Create | Villager (Male) |
| 13:43 | Create | Villager (Male) |
| 13:49 | Create | Villager (Male) |
| 13:50 | Create | Villager (Male) |
| 14:00 | Create | Villager (Male) |
| 14:00 | Create | Villager (Male) |
| 14:08 | Create | Villager (Male) |
| 14:08 | Create | Villager (Male) |
| 14:12 | Create | Archer |
| 14:18 | Research | Wheelbarrow |
| 14:18 | Research | Wheelbarrow |
| 14:20 | Research | Town Watch |
| 14:20 | Research | Town Watch |
| 14:21 | Create | Villager (Male) |
| 14:21 | Create | Villager (Male) |
| 14:36 | Create | Villager (Male) |
| 14:36 | Create | Villager (Male) |
| 14:39 | Create | Archer |
| 15:06 | Create | Villager (Male) |
| 15:07 | Build | Blacksmith |
| 15:19 | Build | Palisade Wall |
| 15:28 | Create | Archer |
| 15:37 | Create | Villager (Male) |
| 15:37 | Create | Villager (Male) |
| 15:40 | Create | Villager (Male) |
| 15:40 | Create | Villager (Male) |
| 16:11 | Create | Villager (Male) |
| 16:11 | Create | Villager (Male) |
| 16:16 | Create | Archer |
| 16:27 | Build | Farm |
| 16:40 | Create | Villager (Male) |
| 16:40 | Create | Villager (Male) |
| 16:42 | Build | Farm |
| 16:59 | Build | Farm |
| 17:03 | Build | House |
| 17:15 | Build | House |
| 17:21 | Build | Farm |
| 17:26 | Create | Archer |
| 17:29 | Build | House |
| 17:42 | Create | Archer |
| 17:50 | Build | Farm |
| 17:50 | Build | Farm |
| 18:01 | Build | Farm |
| 18:03 | Build | House |
| 18:31 | Build | House |
| 19:05 | Create | Villager (Male) |
| 19:05 | Create | Villager (Male) |
| 19:11 | Build | Palisade Gate |
| 19:23 | Create | Villager (Male) |
| 19:29 | Build | Watch Tower |
| 19:41 | Build | Farm |
| 19:42 | Build | Farm |
| 19:48 | Build | House |
| 19:56 | Build | Farm |
| 19:57 | Build | Farm |
| 20:00 | Build | Market |
| 20:06 | Create | Archer |
| 20:10 | Build | House |
| 20:15 | Build | Farm |
| 20:32 | Build | Watch Tower |
| 20:35 | Create | Villager (Male) |
| 20:47 | Build | Farm |
| 20:48 | Build | Mill |
| 21:03 | Build | Palisade Gate |
| 21:10 | Build | House |
| 21:24 | Build | Farm |
| 21:28 | Build | Farm |
| 21:28 | Build | Farm |
| 21:38 | Create | Archer |
| 21:50 | Create | Archer |
Match timeline
| 5:15 | 新竹 · first_building Barracks |
| 8:16 | NuMa | Toth · first_building Barracks |
| 8:51 | 新竹 · age_up feudal |
| 8:57 | NuMa | Toth · age_up feudal |
| 9:12 | 新竹 · wall_segment Palisade Wall x1 |
| 9:13 | 新竹 · wall_segment Palisade Wall x1 |
| 9:14 | NuMa | Toth · first_building Archery Range |
| 9:50 | NuMa | Toth · wall_segment Palisade Wall x1 |
| 10:08 | NuMa | Toth · wall_segment Palisade Wall x6 |
| 10:24 | 新竹 · wall_segment Palisade Wall x2 |
| 10:24 | 新竹 · wall_segment Palisade Wall x2 |
| 10:25 | 新竹 · wall_segment Palisade Wall x3 |
| 10:27 | 新竹 · wall_segment Palisade Wall x3 |
| 10:58 | NuMa | Toth · wall_segment Palisade Wall x1 |
| 10:59 | NuMa | Toth · wall_segment Palisade Wall x1 |
| 11:47 | NuMa | Toth · wall_segment Palisade Wall x4 |
| 12:01 | NuMa | Toth · wall_segment Palisade Wall x1 |
| 12:02 | NuMa | Toth · wall_segment Palisade Wall x1 |
| 12:03 | NuMa | Toth · wall_segment Palisade Wall x1 |
| 15:19 | NuMa | Toth · wall_segment Palisade Wall x3 |
| 17:40 | 新竹 · wall_segment Palisade Wall x2 |
| 17:41 | 新竹 · wall_segment Palisade Wall x2 |
| 21:46 | 新竹 · wall_segment Palisade Wall x2 |
| 21:51 | 新竹 · first_building Stable |
| 21:54 | NuMa | Toth · first_market_buy 100 food |
| 21:55 | NuMa | Toth · first_market_sell 100 stone |
| 22:22 | NuMa | Toth · wall_segment Palisade Wall x4 |
| 22:28 | NuMa | Toth · wall_segment Palisade Wall x11 |
| 22:31 | NuMa | Toth · wall_segment Palisade Wall x9 |
| 22:39 | 新竹 · first_market_buy 100 food |
| 23:04 | NuMa | Toth · wall_segment Palisade Wall x6 |
| 23:51 | NuMa | Toth · wall_segment Palisade Wall x6 |
| 23:52 | NuMa | Toth · wall_segment Palisade Wall x5 |
| 23:53 | NuMa | Toth · wall_segment Palisade Wall x3 |
| 25:19 | 新竹 · age_up castle |
| 25:21 | NuMa | Toth · age_up castle |
| 25:21 | 新竹 · wall_segment Palisade Wall x4 |
| 26:48 | NuMa | Toth · wall_segment Palisade Wall x1 |
| 26:50 | 新竹 · first_building Monastery |
| 28:05 | NuMa | Toth · wall_segment Palisade Wall x1 |
| 28:14 | NuMa | Toth · first_building Siege Workshop |
| 28:25 | 新竹 · first_building Siege Workshop |
| 31:52 | NuMa | Toth · first_building Castle |
| 33:49 | NuMa | Toth · wall_segment Palisade Wall x2 |
| 33:58 | NuMa | Toth · wall_segment Palisade Wall x1 |
| 33:59 | NuMa | Toth · wall_segment Palisade Wall x1 |
| 34:05 | NuMa | Toth · wall_segment Palisade Wall x1 |
| 34:15 | 新竹 · first_building Castle |
| 36:21 | NuMa | Toth · wall_segment Palisade Wall x4 |
| 36:23 | NuMa | Toth · wall_segment Palisade Wall x1 |
| 37:23 | NuMa | Toth · wall_segment Palisade Wall x3 |
| 38:09 | 新竹 · age_up imperial |
| 38:20 | NuMa | Toth · age_up imperial |
| 42:29 | 新竹 · first_market_sell 100 food |
| 42:37 | NuMa | Toth · first_building Stable |
| 46:02 | 新竹 · first_building Archery Range |
| 55:00 | NuMa | Toth · resign |
[ AI ANALYSIS · 1 CREDIT ]
What really happened in this match?
Wolo.gg analyzes every decision: build order, eco, micro, common mistakes by bracket. Personalized analysis on WhatsApp or Discord in 30 seconds.
Civ guide
Japanese
Perfil
Jugador #14547856